 Dungeon Crawl Stone Soup version 0.17.1-1-g73c8601 (webtiles) character file.

945 tygarin1234 the Conjurer (level 7, 0/46 HPs)
             Began as a High Elf Conjurer on Dec 24, 2015.
             Was an Initiate of Nemelex Xobeh.
             Slain by a water moccasin zombie (1 damage)
             ... on level 5 of the Dungeon.
             The game lasted 00:18:57 (5078 turns).

tygarin1234 the Conjurer (High Elf Conjurer)        Turns: 5078, Time: 00:18:59

Health: 0/46       AC:  6    Str:  7    XL:     7   Next: 89%
Magic:  13/15      EV: 14    Int: 21    God:    Nemelex Xobeh [......]
Gold:   180        SH:  0    Dex: 16    Spells: 4 memorised, 5 levels left

rFire  . . .     SeeInvis .     v - +3 flail (protect)
rCold  . . .     Clarity  .     d - +1 leather armour {rPois}
rNeg   . . .     SustAt   .     (no shield)
rPois  +         Gourm    .     s - +0 helmet
rElec  .         Spirit   .     (no cloak)
rCorr  .         Warding  .     (no gloves)
rMut   .         Stasis   .     u - +0 pair of boots
MR     .....                    (no amulet)
Stlth  ++........               o - ring of wizardry
                                l - +3 ring of protection

@: corroded equipment, not resistant to hostile enchantments, unstealthy
A: no striking features
a: Renounce Religion


You were on level 5 of the Dungeon.
You worshipped Nemelex Xobeh.
Nemelex Xobeh was noncommittal.
You were not hungry.

You visited 2 branches of the dungeon, and saw 6 of its levels.

You collected 180 gold pieces.

Inventory:

Hand Weapons
 q - a +0 short sword
 v - a +3 flail of protection (weapon)
Armour
 a - a +1 robe
 d - a +1 leather armour of poison resistance (worn)
 s - a +0 helmet (worn)
 u - a +0 pair of boots (worn)
Jewellery
 l - a +3 ring of protection (left hand)
 o - a ring of wizardry (right hand)
Scrolls
 g - a scroll of identify
 h - a scroll of teleportation
Potions
 e - a potion of invisibility
 i - a potion of agility
 j - 3 potions of curing
 k - a potion of brilliance
 m - a potion of might
 p - a potion of haste {unknown}
Books
 b - a book of Conjurations

   Spells                             Type                      Level
   a - Magic Dart                     Conjuration                  1
   b - Searing Ray                    Conjuration                  2
   c - Dazzling Spray                 Conjuration/Hexes            3
   d - Fulminant Prism                Conjuration/Hexes            4
   e - Iskenderun's Mystic Blast      Conjuration                  4
   f - Iskenderun's Battlesphere      Conjuration/Charms           5
Miscellaneous
 f - a plain deck of escape {drawn: 1}
Comestibles
 c - 3 bread rations
 n - a meat ration
 r - 5 fruits


   Skills:
 + Level 3.5 Fighting
 + Level 4.7 Dodging
 - Level 2.1 Stealth
 + Level 4.9 Spellcasting
 * Level 7.9 Conjurations


You had 5 spell levels left.
You knew the following spells:

 Your Spells              Type           Power        Failure   Level  Hunger
a - Magic Dart            Conj           ####         1%          1    None
b - Searing Ray           Conj           #####.       1%          2    None
c - Dazzling Spray        Conj/Hex       ###.....     4%          3    ##.....
d - Iskenderun's Mystic   Conj           #####...     3%          4    ####...


Dungeon Overview and Level Annotations

Branches:
Dungeon (5/15)             Temple (1/1) D:4

Altars:
Cheibriados
Elyvilon
Fedhas
Gozag
Makhleb
Nemelex Xobeh
Okawaru
Qazlal
Sif Muna
Trog
Vehumet
Xom
Yredelemnul
Zin


Message History

The jelly closely misses you.
The water moccasin zombie bites you but does no damage.
You hit the jelly but do no damage.
Your hands burn!
The jelly is moderately wounded.
The jelly closely misses you.
The water moccasin zombie closely misses you.
The jelly misses you.
You sock the jelly! The acid corrodes you!
Your hands burn!
The jelly is heavily wounded.
The water moccasin zombie bites you. x2
The jelly hits you.
You are splashed with acid!
The acid burns!
* * * LOW HITPOINT WARNING * * *
You hit the jelly but do no damage.
Your hands burn!
* * * LOW HITPOINT WARNING * * *
The jelly is heavily wounded.
The water moccasin zombie bites you.
* * * LOW HITPOINT WARNING * * *
The jelly hits you but does no damage. The water moccasin zombie bites you.
You die...
Your body disappears without a glow.

#....).... #
.......>.. .##
........?# ....
#.....#.##..#
#..........#
##...#.##.##
####..#.##.#
#.....JZ)..#####
#.##...@.##.....
# #......?.....
#............
#.##....###.....
.......<# .....
#.###...# #.## #
#.#..# .#
..###.# #.## .$#


You could see a jelly and a water moccasin zombie.

Vanquished Creatures
  Sigmund (D:2)
  A yak (D:5)
  Edmund (D:4)
  A phantom (D:5)
  An ogre (D:4)
  A wyvern skeleton (D:4)
  2 orc wizards (D:4)
  2 worker ants
  An orc priest (D:4)
  A worker ant zombie (D:3)
  5 gnolls
  6 adders
  2 oozes
  4 giant geckos
  8 orcs
  A ball python (D:2)
  2 bats (D:2)
  3 giant cockroaches
  8 goblins
  4 hobgoblins
  2 quokkas
  A ball python skeleton (D:5)
  3 giant newts
  4 kobolds (D:2)
  8 rats
73 creatures vanquished.

Vanquished Creatures (others)
  A hound (D:5)
1 creature vanquished.

Grand Total: 74 creatures vanquished

Notes
Turn   | Place    | Note
--------------------------------------------------------------
     0 | D:1      | tygarin1234 the High Elf Conjurer began the quest for the Orb.
     0 | D:1      | Reached XP level 1. HP: 11/11 MP: 4/4
   563 | D:1      | Reached XP level 2. HP: 9/18 MP: 1/6
   567 | D:1      | Learned a level 2 spell: Searing Ray
  1151 | D:2      | Noticed Sigmund
  1159 | D:2      | Reached skill level 1 in Fighting
  1159 | D:2      | Reached skill level 5 in Conjurations
  1159 | D:2      | Reached XP level 3. HP: 20/23 MP: 4/8
  2012 | D:4      | Reached XP level 4. HP: 25/28 MP: 1/9
  2057 | D:4      | Learned a level 3 spell: Dazzling Spray
  2086 | D:4      | Noticed Edmund
  2548 | D:2      | Found an opulent altar of Gozag.
  2902 | D:2      | Killed Sigmund
  2902 | D:2      | Reached skill level 6 in Conjurations
  2902 | D:2      | Reached XP level 5. HP: 26/34 MP: 1/11
  2902 | D:2      | Reached XP level 6. HP: 29/39 MP: 1/12
  2993 | D:4      | Killed Edmund
  3182 | D:4      | Learned a level 1 spell: Magic Dart
  3187 | D:4      | Learned a level 4 spell: Iskenderun's Mystic Blast
  3231 | D:4      | Found a white marble altar of Elyvilon.
  3331 | D:4      | Found a staircase to the Ecumenical Temple.
  3345 | Temple   | Entered the Ecumenical Temple
  3619 | Temple   | Became a worshipper of Nemelex Xobeh the Trickster
  3670 | D:4      | Received a gift from Nemelex Xobeh
  3699 | D:4      | Reached XP level 7. HP: 45/45 MP: 0/14
  3816 | D:4      | Reached skill level 7 in Conjurations
  4393 | D:4      | Noticed an ogre
  4401 | D:4      | Killed an ogre
  4543 | D:5      | Entered Level 5 of the Dungeon
  4703 | D:5      | Noticed a yak
  4716 | D:5      | Noticed a yak
  4717 | D:5      | Killed a yak
  4718 | D:5      | Noticed a yak
  4722 | D:5      | Noticed a yak
  4724 | D:5      | Noticed a yak
  4730 | D:5      | Noticed a yak
  5078 | D:5      | HP: 1/46 [water moccasin zombie (3)]
  5078 | D:5      | Slain by a water moccasin zombie

Action                   |  1- 3 |  4- 6 |  7- 9 || total
-------------------------+-------+-------+-------++-------
Melee: Short sword       |       |    15 |       ||    15
       Flail             |       |    27 |    62 ||    89
 Cast: Magic Dart        |    53 |    31 |    11 ||    95
       Searing Ray       |     3 |     4 |     2 ||     9
       Dazzling Spray    |       |    12 |    15 ||    27
Evoke: Deck              |       |       |     1 ||     1
  Use: Scroll            |     1 |     8 |     1 ||    10
       Potion            |       |     6 |       ||     6
 Stab: Invisible         |       |     1 |     5 ||     6
       Sleeping          |       |     1 |     1 ||     2
  Eat: Chunk             |     3 |       |     4 ||     7
       Meat ration       |       |     1 |       ||     1
       Fruit             |       |     1 |     2 ||     3
